 Dungeon Crawl Stone Soup version 0.28.0-49-g6dfe1f597d (webtiles) character file.

Game seed: 2411106632416624198

404 Zeld the Changer (level 6, -1/38 HPs)
             Began as an Octopode Transmuter on May 15, 2022.
             Was an Initiate of Gozag.
             Shot with an arrow by a centaur (8 damage)
             ... on level 4 of the Dungeon.
             The game lasted 00:04:26 (6389 turns).

Zeld the Changer (Octopode Transmuter)              Turns: 6389, Time: 00:04:27

Health: -1/38      AC:  1    Str: 11    XL:     6   Next: 86%
Magic:  12/12      EV: 13    Int: 15    God:    Gozag
Gold:   69         SH:  0    Dex: 13    Spells: 3/13 levels left

rFire   . . .      SeeInvis .     - Unarmed
rCold   . . .      Faith    .   (no shield)
rNeg    . . .      Spirit   .   (helmet currently unavailable)
rPois   .          Reflect  .   (no amulet)
rElec   .          Harm     .   e - ring of willpower
rCorr   .          Rampage  .   (no ring)
Will    +....                   (no ring)
Stlth   +++.......              (no ring)
HPRegen 0.12/turn               (no ring)
MPRegen 0.13/turn               (no ring)
                                (no ring)
                                (no ring)

@: appendages
A: tentacle spike 3, almost no armour, amphibious, 8 rings, camouflage 1,
gelatinous body 1, (nimble swimmer 1), tentacles
a: End Transformation, Renounce Religion, Potion Petition, Call Merchant, Bribe
Branch


You were on level 4 of the Dungeon.
You worshipped Gozag.
Gozag was noncommittal.
One of your tentacles had grown a beastly spike.
You visited 2 branches of the dungeon, and saw 5 of its levels.

You collected 101 gold pieces.
You paid 32 gold pieces to Gozag.

Inventory:

Jewellery
 e - a ring of willpower (left tentacle)
Wands
 j - a wand of paralysis (3)
Scrolls
 c - 3 scrolls of teleportation {unknown}
 d - a scroll of holy word {unknown}
 f - a scroll of fear {unknown}
 g - 2 scrolls of enchant armour {unknown}
 h - a scroll of identify {unknown}
 l - a scroll of noise {unknown}
 m - a scroll of silence {unknown}
Potions
 a - a potion of flight {unknown}
 b - a potion of curing {unknown}
 i - 2 potions of heal wounds {unknown}
 k - a potion of haste {unknown}


   Skills:
 - Level 1.0 Fighting
 - Level 2.0 Dodging
 + Level 3.5 Stealth
 - Level 3.0 Unarmed Combat
 * Level 4.0 Spellcasting
 * Level 4.2 Transmutations
 - Level 2.0 Ice Magic
 - Level 2.0 Poison Magic


You had 3 spell levels left.
You knew the following spells:

 Your Spells              Type           Power      Damage    Failure   Level
a - Beastly Appendage     Tmut           30%        N/A       3%          1
b - Wereblood             Tmut           15%        N/A       4%          2
c - Spider Form           Tmut/Pois      12%        N/A       16%         3
d - Ice Form              Ice/Tmut       12%        N/A       45%         4

Your spell library contained the following spells:

 Spells                   Type           Power      Damage    Failure   Level
 Animate Skeleton         Necr           6%         N/A       19%         1
 Apportation              Tloc           6%         N/A       19%         1
 Summon Small Mammal      Summ           12%        N/A       19%         1
 Alistair's Intoxication  Tmut/Pois      8%         N/A       80%         5
 Cause Fear               Hex            1%         N/A       87%         4
 Dragon Form              Tmut           7%         N/A       100%        7
 Dragon's Call            Summ           1%         N/A       100%        9


Dungeon Overview and Level Annotations

Branches:
Dungeon (4/15)             Temple (1/1) D:4

Altars:
Ashenzari
Cheibriados
Dithmenos
Elyvilon
Fedhas
Gozag
Hepliaklqana
Kikubaaqudgha
Makhleb
Nemelex Xobeh
Okawaru
Qazlal
Ru
Sif Muna
Trog
Uskayaw
Vehumet
Wu Jian
Xom
Yredelemnul
Zin
The Shining One

Shops:
D:2 (   D:4 *

Annotations:
D:4 Edmund


Innate Abilities, Weirdness & Mutations

One of your tentacles has grown a beastly spike.
You cannot wear most types of armour.
You are amphibious.
You can wear up to eight rings at the same time.
Your skin changes colour to match your surroundings (Stealth+).
Your rubbery body absorbs attacks. (AC +1, EV +1)
((You are camouflaged when in or above water. (Stealth+)))
You have tentacles for arms and can constrict up to eight enemies at once.


Message History

Your magical contamination has completely faded away.
You barely miss the iguana.
The iguana is severely wounded.
The iguana completely misses you.
You hit the iguana but do no damage.
The iguana looks as sick as possible!
The iguana is almost dead.
The iguana closely misses you.
You hit the iguana.
You kill the iguana!
Your transformation is almost over.
Your transformation has ended.
Key pressed, stopping explore.
HP restored.
You now have 64 gold pieces (gained 6).
You now have 69 gold pieces (gained 5).
Found a stone staircase leading down.
There is a stone staircase leading down here.
You see here a +0 dagger.
Found a flail.
A goblin comes into view. It is wielding a +0 club.
A goblin is nearby!
A goblin is nearby!
Found 5 gold pieces.
The goblin shouts!
A centaur comes into view.
The centaur wields a +0 shortbow.
The centaur shoots an arrow.
The arrow hits you!
Casting: Spider Form (quite dangerous; 16% risk of failure)
Confirm with . or Enter, or press ? or * to list all spells.
One of your tentacles grows a vicious spike.
An endoplasm comes into view.
The centaur shoots an arrow.
The arrow barely misses you. The goblin hits you with a +0 club.
The centaur shoots an arrow.
The arrow hits you!
The centaur shoots an arrow.
The arrow hits you!
* * * LOW HITPOINT WARNING * * *
The centaur shoots an arrow.
The arrow barely misses you.
The centaur shoots an arrow.
The arrow hits you!
You die...
Your body crumbles into a pile of gold.

.#....#..#.# ....(.( #..
..#....##..# ##.#.#.#.#........
....)>.....# ###<............####
..##....#..###....#.#.#.#.J..####
.#..#....#.....##.......$........
....#.#..#..#####.....#......####
...#...##.........#####....# #.
##........#####<.......c...# #.
.............)..@.####..#)# #.
###.####...######.g##.....## ###.
#.###[.#..### ##...............
#.#...###...# ###.###.....###.
#...### ###.# #.# #.#..# #.
##.### #.######.# #.#..###. ##..#
#......#.# #.##...#. #...#
#####....# #.##.#... #.#.###
##.##.####.##.###.


You could see a centaur and a goblin.

Vanquished Creatures
  An ogre (D:4)
  Terence (D:2)
  Jessica (D:3)
  An iguana (D:4)
  Natasha (thrice) (D:2)
  2 orc wizards
  2 adders (D:2)
  2 worms (D:2)
  3 dart slugs
  6 orcs
  5 ball pythons
  11 bats
  3 endoplasms
  4 giant cockroaches
  8 goblins
  2 hobgoblins
  9 jackals
  3 quokkas
  4 frilled lizards
  9 kobolds
  7 rats
87 creatures vanquished.

Notes
Turn   | Place    | Note
-------+----------+-------------------------------------------
     0 | D:1      | Zeld the Octopode Transmuter began the quest for the Orb.
     0 | D:1      | Reached XP level 1. HP: 13/13 MP: 3/3
   332 | D:1      | Reached XP level 2. HP: 18/18 MP: 3/5
   365 | D:1      | Found a faded altar of an unknown god.
   646 | D:1      | Reached skill level 1 in Stealth
  1049 | D:1      | Reached XP level 3. HP: 15/23 MP: 4/6
  1358 | D:1      | Learned a level 2 spell: Wereblood
  1362 | D:1      | Learned a level 3 spell: Spider Form
  1419 | D:2      | Found Pimes's Weapon Boutique.
  1434 | D:2      | Noticed Terence
  1442 | D:2      | Killed Terence
  1443 | D:2      | Reached skill level 1 in Ice Magic
  1443 | D:2      | Reached skill level 1 in Poison Magic
  1632 | D:2      | Reached XP level 4. HP: 27/28 MP: 6/8
  2458 | D:2      | Noticed Natasha
  2466 | D:2      | Killed Natasha
  2467 | D:2      | Reached XP level 5. HP: 33/33 MP: 7/9
  2477 | D:2      | Learned a level 4 spell: Ice Form
  2821 | D:2      | Noticed Natasha
  2848 | D:2      | Killed Natasha
  3272 | D:2      | Noticed Natasha
  3285 | D:2      | Killed Natasha
  3640 | D:2      | Found Pimes's Weapon Boutique.
  4299 | D:3      | Noticed Jessica
  4537 | D:3      | Killed Jessica
  4538 | D:3      | Reached XP level 6. HP: 30/38 MP: 11/11
  5308 | D:4      | Noticed Edmund
  5713 | D:4      | Found a staircase to the Ecumenical Temple.
  5723 | Temple   | Entered the Ecumenical Temple
  6028 | D:4      | Found an opulent altar of Gozag.
  6032 | D:4      | Found Gozag's Platinum Reserve.
  6044 | D:4      | Became a worshipper of Gozag Ym Sagoz the Greedy
  6389 | D:4      | Shot with an arrow by a centaur

Illustrated notes

Levels and vault maps discovered:
D:1:      ncdulo_watergridlock, layout_rooms, shapermc_ecumenical_altar_pompeii
D:2:      minmay_door_path, layout_basic, serial_shops,
          nicolae_shop_hallway_stairs, chequers_serial_rivers_room_b,
          uniq_natasha, uniq_terence
D:3:      layout_rooms, minmay_diced_spiral, uniq_jessica
D:4:      layout_rooms, nicolae_gozag_zags_fifth_avenue,
          minmay_temple_entry_mini_moons, serial_glass, glass_columns_a,
          glass_columns_a, glass_columns_c, glass_columns_c, glass_columns_a,
          glass_columns_a, uniq_edmund
Temple:   mainiacjoe_temple_hex_bubbles

Skill      XL: |  1  2  3  4  5  6 |
---------------+-------------------+-----
Stealth        | 1 2 3 |  3.5
Ice Magic      | 1 2 |  2.0
Poison Magic   | 1 2 |  2.0
Transmutations | 3 4 |  4.2
Spellcasting   | 3 4 |  4.0
Fighting       | |  1.0
Dodging        | |  2.0
Unarmed Combat | |  3.0

Action                   |  1- 3 |  4- 6 || total
-------------------------+-------+-------++-------
Melee: Unarmed           |    47 |   152 ||   199
       Constrict         |    12 |    38 ||    50
       Kick              |    16 |    39 ||    55
       Tentacles         |    11 |    26 ||    37
       Punch             |     1 |     7 ||     8
 Cast: Beastly Appendage |    18 |    38 ||    56
       Spider Form       |     1 |     4 ||     5
 Stab: Sleeping          |     5 |     7 ||    12
Armor: Skin              |     1 |     8 ||     9
Dodge: Dodged            |    26 |    82 ||   108
